Cogmind - Beta 13 @@@ ROGUE MODE // 2024.05.19 @ 23:01:38 Player: H3-RMN Result: Core destroyed Performance ------------- Evolutions (2) 1000 Regions Visited (9) 1800 Robots Destroyed (170) 850 Value Destroyed (5990) 5990 Prototype IDs (57) 1140 Alien Tech Used (0) 0 Bonus (1414) 1414 TOTAL SCORE: 12194 Bonus ------- High Alert Combat Kills 824 Follower Combat Kills 167 Entered Garrisons 200 Aligned with FarCom 300 Friendly Fire -77 Cogmind --------- Core Integrity 0/550 Matter 201/300 Energy 287/290 System Corruption 0% Temperature Critical (507) Movement Treading (160) Location -8/Materials Parts ------- > --- POWER (1) -------- Reinforced Deuterium Engine > --- PROPULSION (4) --- Light Treads Light Treads Heavy Treads > --- UTILITY (4) ------ Large Storage Unit Weapon Cycler Hardened Heavy Armor Plating > --- WEAPON (2) ------- Enhanced Autogun Enhanced Gauss Cannon > --- INVENTORY (15) --- Flying Fortress v7 Transport Network Coupler Graphene Brace Hacking Suite Hacking Suite Advanced System Shield Trap Extractor (4/4 Segregator) Splice Drone Bay (6/6) Heavy Assault Cannon Grenade Launcher Katana Peak State ------------ > --- POWER ------------ Reinforced Deuterium Engine > --- PROPULSION ------- Light Treads Armored Treads Heavy Treads > --- UTILITY ---------- Large Storage Unit Core Analyzer Armor Integrity Analyzer Graphene Brace > --- WEAPON ----------- Enhanced Autogun Enhanced Gauss Cannon > --- INVENTORY -------- Flying Fortress v7 Heat Sink Transport Network Coupler Hacking Suite Hacking Suite Advanced System Shield Trap Extractor Splice Drone Bay Heavy Assault Rifle Grenade Launcher Katana [Rating: 52] Favorites ----------- Power Improved Deuterium Engine Engine Improved Deuterium Engine Propulsion Light Treads Treads Light Treads Leg Carbon-fiber Leg Wheel Armored Wheel Hover Unit Gyrokinetic Inverter Flight Unit Improved VTOL Module Utility Large Storage Unit Device Seismic Detector Storage Large Storage Unit Processor Core Analyzer Hackware Hacking Suite Protection Core Shielding Weapon Minigun Energy Cannon Advanced Beam Cannon Ballistic Gun Minigun Ballistic Cannon Heavy Assault Cannon Launcher Grenade Launcher Slashing Weapon Katana Special Melee Weapon Datajack Build | -11 -10 -10 -9 -9 -9 -8 -8 -8 -8 ------- Run | Yrd Mat Min Mat Min Exi Min Mat Gar Mat Slots Evolved 4 | . . . 2 . . . 2 . . Power . | . . . . . . . . . . Propulsion 2 | . . . 1 . . . 1 . . Utility 2 | . . . 1 . . . 1 . . Weapon . | . . . . . . . . . . Parts Attached 155 | 7 7 . 47 8 4 3 42 27 10 Power 14 | 1 1 . 6 1 . . 4 1 . Engine 14 | 1 1 . 6 1 . . 4 1 . Core . | . . . . . . . . . . Reactor . | . . . . . . . . . . Propulsion 44 | 2 1 . 17 2 . 1 10 8 3 Treads 27 | 1 . . 10 1 . 1 7 5 2 Leg 1 | . . . . . . . 1 . . Wheel 11 | 1 1 . 6 1 . . 2 . . Hover 3 | . . . . . . . . 3 . Flight 2 | . . . 1 . . . . . 1 Utility 44 | 2 1 . 11 2 1 . 11 11 5 Device 15 | 1 . . 2 1 . . 2 5 4 Storage 4 | 1 1 . 1 . . . 1 . . Processor 2 | . . . . . . . 1 1 . Hackware 4 | . . . . . . . 3 1 . Protection 19 | . . . 8 1 1 . 4 4 1 Artifact . | . . . . . . . . . . Weapon 53 | 2 4 . 13 3 3 2 17 7 2 Energy Gun . | . . . . . . . . . . Energy Cannon 3 | . . . 3 . . . . . . Ballistic Gun 23 | 2 4 . 6 2 2 1 4 1 1 Ballistic Cannon 13 | . . . . . . . 9 4 . Launcher 8 | . . . . 1 . 1 3 2 1 Special Weapon . | . . . . . . . . . . Impact Weapon . | . . . . . . . . . . Slashing Weapon 3 | . . . 2 . . . 1 . . Piercing Weapon . | . . . . . . . . . . Special Melee Weapon 3 | . . . 2 . 1 . . . . Unidentified Prototypes 8 | . . . 3 1 . . 3 . 1 Parts Lost 23 | . 1 . 6 1 . . 8 6 1 Power 3 | . . . 1 . . . 1 1 . Propulsion 8 | . 1 . 2 1 . . 3 1 . Utility 9 | . . . 1 . . . 4 3 1 Weapon 3 | . . . 2 . . . . 1 . Highest Loss Streak 5 | . 1 . 3 1 . . 5 3 1 To Critical Strikes . | . . . . . . . . . . Average Slot Usage (%) 91 | . 99 100 97 99 100 100 83 81 83 Engine 10 | . 14 14 10 11 11 11 8 8 9 Treads 24 | . 14 14 21 22 22 22 32 25 27 Wheel 6 | . 13 14 10 10 11 11 1 . . Device 2 | . 14 14 1 . . . . 1 8 Storage 10 | . 14 14 11 11 11 11 9 9 9 Processor 4 | . . . . . . . 7 12 5 Protection 13 | . . . 18 21 22 22 11 11 6 Energy Cannon 2 | . . . 8 3 . . . . . Ballistic Gun 9 | . 28 28 11 17 15 20 1 1 9 Ballistic Cannon 3 | . . . . . . . 8 8 9 Naked Turns . | . . . . . . . . . . Heaviest Build 68 | 11 28 28 40 48 41 41 62 59 68 Greatest Support 113 | 20 10 10 40 63 12 12 83 113 110 Greatest Overweight (x) 15 | 1 2 2 3 3 3 3 3 15 . Average Overweight (x) 1 | . 1 2 2 2 3 3 . . . Largest Inventory Capacity 15 | 8 15 15 15 15 15 15 15 15 15 Average Capacity 14 | 7 14 15 15 15 15 15 15 15 15 Most Carried 15 | 8 12 13 15 15 15 15 15 15 15 Average Carried 14 | 4 10 12 14 14 14 15 14 14 14 Final Capacity 15 | 8 15 15 15 15 15 15 15 15 15 Final Carried 15 | 8 12 13 15 14 15 15 15 14 15 Class Distribution -------------------- 51% | Scavenger-Mutant 48% | Mutant Dominant Class ---------------- Mutant | -10/Materials Mutant | -10/Mines Mutant | -9/Materials Mutant | -9/Mines Mutant | -9/Exiles Mutant | -8/Mines Scavenger-Mutant | -8/Materials Scavenger-Mutant | -8/Garrison Scavenger-Mutant | -8/Materials Resources | -11 -10 -10 -9 -9 -9 -8 -8 -8 -8 ----------- Run | Yrd Mat Min Mat Min Exi Min Mat Gar Mat Matter Collected 4388 | 273 161 . 916 178 40 94 1161 850 715 Remotely . | . . . . . . . . . . Salvage Created 5670 | 64 285 . 1742 376 . 169 1438 657 939 Parts 352 | 9 20 . 100 17 . 13 87 48 58 Haulers Intercepted 17 | . 1 . 6 . . . 5 . 5 Recyclers Shooed 2 | . . . 2 . . . . . . Parts Field Recycled . | . . . . . . . . . . Retrieved Matter . | . . . . . . . . . . Parts Self-Destructed . | . . . . . . . . . . Prevented . | . . . . . . . . . . Kills | -11 -10 -10 -9 -9 -9 -8 -8 -8 -8 ------- Run | Yrd Mat Min Mat Min Exi Min Mat Gar Mat Combat Hostiles Destroyed 120 | . 9 . 28 8 . 7 30 24 14 Melee 3 | . . . . . . . 3 . . Guns 45 | . 9 . 19 3 . 1 7 1 5 Cannons 47 | . . . 9 2 . . 13 16 7 AOE 24 | . . . . 2 . 6 7 7 2 Classes Destroyed 17 | 2 3 . 6 . . . 3 1 2 Worker 10 | . . . 2 . . . 4 . 4 Builder 1 | . . . . . . . . . 1 Tunneler 5 | 1 . . 2 . . 2 . . . Hauler 17 | . 1 . 6 . . . 5 . 5 Recycler 6 | 1 . . 1 . . . 2 . 2 Mechanic 2 | . . . . . . . . . 2 Operator 4 | . . . 2 . . . 2 . . Watcher 5 | . . . 2 . . . 2 . 1 Swarmer 31 | . 6 . 3 . . 4 8 8 2 Grunt 54 | . 3 . 12 6 . 2 12 10 9 Brawler 3 | . . . 1 . . 1 . . 1 Duelist 3 | . . . 2 . . . . . 1 Sentry 20 | . . . 10 2 . . 4 4 . Specialist 2 | . . . . . . . 2 . . Hunter 4 | . . . . . . . 3 1 . Heavy 2 | . . . . . . . 1 . 1 Behemoth 1 | . . . . . . . . 1 . Best Kill Streak 9 | 1 4 . 3 3 . 4 8 4 9 Combat Bots Only 6 | . 4 . 3 3 . 4 6 4 3 Max Kills in Single Turn 4 | 1 2 . 2 1 . 4 3 3 3 Gunslinging . | . . . . . . . . . . Exploded 4 | . . . . 1 . 4 3 3 2 Melee 1 | . . . . . . . 1 . . Uniques/NPCs Destroyed . | . . . . . . . . . . Combat | -11 -10 -10 -9 -9 -9 -8 -8 -8 -8 -------- Run | Yrd Mat Min Mat Min Exi Min Mat Gar Mat Hostile Shots Fired 566 | . 52 . 139 43 . 9 140 117 66 Missed 132 | . 15 . 35 14 . 4 23 24 17 Damage Taken 6436 | . 414 . 1366 433 . 96 1940 1279 908 Core 882 | . 113 . 165 22 . 20 173 122 267 Absorbed by Shields . | . . . . . . . . . . Reduced by Siege Mode 14 | . . . . . . . . 14 . Redirected to Shielding 134 | . . . 18 4 . . 26 86 . Ignored by Resistances 116 | . . . . . . . . 116 . Regen/Repaired (Parts) 21 | . . . 21 . . . . . . Core Remaining (%) 67 | 100 . 54 . . . 48 . . . Volleys Fired 461 | 14 37 . 141 20 . 7 99 84 59 Largest 2 | 2 2 . 2 2 . 2 2 2 2 Hottest 96 | 40 40 . 93 93 . 50 96 82 82 Shots Fired 764 | 25 74 . 282 37 . 10 131 90 115 Gun 472 | 25 74 . 223 22 . 6 59 6 57 Cannon 275 | . . . 59 12 . . 66 81 57 Launcher 17 | . . . . 3 . 4 6 3 1 Special . | . . . . . . . . . . Kinetic 676 | 25 74 . 223 22 . 6 125 87 114 Thermal 71 | . . . 59 12 . . . . . Explosive 14 | . . . . . . 4 6 3 1 Electromagnetic 3 | . . . . 3 . . . . . Robot Hit Streak 23 | 6 12 . 23 10 . 12 11 13 15 Robot Miss Streak 8 | 3 8 . 5 2 . 1 3 4 3 Penetration Max 1 | . . . . . . . . . 1 Secondary Targets 4 | . 2 . . 1 . . 1 . . Max Gunslinging Chain 1 | . 1 . . 1 . . 1 . . Shots Hit Robots 507 | 16 47 . 187 27 4 7 102 43 74 Core Hits 233 | 5 19 . 66 11 . 11 55 26 40 Critical Kills 4 | . . . 2 1 . . . 1 . Critical Parts Destroyed 3 | . 1 . 1 . . . . 1 . Critical Strikes 23 | . 1 . 3 1 . . 4 9 5 Meltdown 2 | . . . 1 1 . . . . . Destroy 5 | . 1 . 2 . . . . 2 . Blast 16 | . . . . . . . 4 7 5 Melee Attacks 26 | . . . 7 . 4 . 15 . . Impact . | . . . . . . . . . . Slashing 22 | . . . 7 . . . 15 . . Piercing . | . . . . . . . . . . Sneak Attacks 5 | . . . . . 4 . 1 . . Combat Hostiles . | . . . . . . . . . . Follow-up Attacks . | . . . . . . . . . . Damage Inflicted 12853 | 113 426 . 2647 679 . 521 3921 2383 2163 Guns 4078 | 113 426 . 1712 262 . 74 786 59 646 Cannons 6484 | . . . 904 212 . . 1954 2007 1407 Explosions 1947 | . . . . 205 . 447 868 317 110 Melee 344 | . . . 31 . . . 313 . . Ramming . | . . . . . . . . . . Kinetic 9446 | 113 426 . 1712 262 . 74 2740 2066 2053 Thermal 1439 | . . . 904 212 . . 323 . . Explosive 1419 | . . . . . . 447 545 317 110 Electromagnetic 205 | . . . . 205 . . . . . Impact . | . . . . . . . . . . Slashing 344 | . . . 31 . . . 313 . . Piercing . | . . . . . . . . . . Highest Corruption . | . . . . . . . . . . Average Corruption . | . . . . . . . . . . Corruption Purged . | . . . . . . . . . . Corruption Blocked . | . . . . . . . . . . Overload Shots . | . . . . . . . . . . Overflow Damage 363 | . . . 1 . . 8 246 55 53 Projectiles 164 | . . . . . . . 66 45 53 Explosions 185 | . . . . . . 8 167 10 . Melee 14 | . . . 1 . . . 13 . . Knockbacks 29 | . . . . . . . 8 12 9 Impact . | . . . . . . . . . . Kinetic 28 | . . . . . . . 8 11 9 Secondary 1 | . . . . . . . . 1 . Self-Inflicted Damage 145 | . . . . 16 . 40 79 10 . Shots 5 | . . . . 2 . 1 1 1 . Rammed . | . . . . . . . . . . Targets Rammed . | . . . . . . . . . . Kicked . | . . . . . . . . . . Crushed . | . . . . . . . . . . Highest Temperature 507 | . 27 . 267 316 . 32 462 375 507 Average Temperature 90 | . 11 . 53 104 . 11 84 78 147 Received Heat Transfer 2211 | . 108 . 456 180 . 18 558 549 342 Effects 6 | . . . . . . . 2 . 4 Shutdowns 2 | . . . . . . . . . 2 Energy Bleed 1 | . . . . . . . . . 1 Interference 1 | . . . . . . . 1 . . Damage (minor) 1 | . . . . . . . 1 . . Damage (core) 1 | . . . . . . . . . 1 Siege Activations 1 | . . . . . . . . 1 . Total Turns 16 | . . . . . . . . 16 . Longest Duration 16 | . . . . . . . . 16 . Robots Corrupted . | . . . . . . . . . . Combat Hostiles . | . . . . . . . . . . Parts Fried . | . . . . . . . . . . Impact Corruptions . | . . . . . . . . . . Robots Melted 2 | . . . 1 1 . . . . . Combat Hostiles 1 | . . . . 1 . . . . . Parts Melted 3 | . . . 2 1 . . . . . Heat Transferred 2161 | . . . 1591 370 . . 200 . . Parts Sabotaged . | . . . . . . . . . . Parts Stolen . | . . . . . . . . . . Parts Stripped . | . . . . . . . . . . Power Chain Reactions . | . . . . . . . . . . Alert | -11 -10 -10 -9 -9 -9 -8 -8 -8 -8 ------- Run | Yrd Mat Min Mat Min Exi Min Mat Gar Mat Peak Influence 1508 | 10 328 127 613 411 . 196 491 1508 1183 Initial 735 | . 6 127 49 226 . . 76 282 735 Average 442 | 5 181 127 338 359 . 177 221 900 956 Maximum Alert Level 4 | . 1 . 2 2 . . 2 4 4 Low Security (%) 30 | 100 44 100 27 . . 100 48 . . Level 1 26 | . 55 . 31 78 . . 38 5 . Level 2 21 | . . . 41 21 . . 12 16 . Level 3 15 | . . . . . . . . 49 84 Level 4 6 | . . . . . . . . 27 15 Level 5 . | . . . . . . . . . . High Security . | . . . . . . . . . . Max Security . | . . . . . . . . . . Squads Dispatched 13 | . 2 . 2 . . . 6 . 3 Investigation 4 | . 2 . . . . . 2 . . Extermination . | . . . . . . . . . . Reinforcement 9 | . . . 2 . . . 4 . 3 Assault . | . . . . . . . . . . Garrison . | . . . . . . . . . . Intercept . | . . . . . . . . . . Searches Triggered . | . . . . . . . . . . Construction Impeded 1 | . . . . . . . . . 1 Haulers Reinforced . | . . . . . . . . . . Active Scanning Responses . | . . . . . . . . . . Cargo Convoy Interrupts . | . . . . . . . . . . Stealth | -11 -10 -10 -9 -9 -9 -8 -8 -8 -8 --------- Run | Yrd Mat Min Mat Min Exi Min Mat Gar Mat Distress Signals 10 | . 1 . 4 . . . 1 3 1 Communications Jammed . | . . . . . . . . . . Distress Signals . | . . . . . . . . . . Times Spotted 179 | . 14 1 52 8 . 7 45 32 20 Peak Tracking Total 7 | . 4 1 7 3 . 4 6 6 4 Tactical Retreats 11 | . 1 1 2 . . . 1 5 1 Traps | -11 -10 -10 -9 -9 -9 -8 -8 -8 -8 ------- Run | Yrd Mat Min Mat Min Exi Min Mat Gar Mat Traps Triggered 2 | . 1 . . . . . 1 . . Indirectly . | . . . . . . . . . . Trap Hack Attempts 82 | . . . 82 . . . . . . Triggered 1 | . . . 1 . . . . . . Disarmed 2 | . . . 2 . . . . . . Reprogrammed 4 | . . . 4 . . . . . . Reused . | . . . . . . . . . . Traps Extracted 4 | . . . 4 . . . . . . Installed . | . . . . . . . . . . Triggered . | . . . . . . . . . . Most Traps Carried 4 | . . . 4 4 4 4 4 4 4 Machines | -11 -10 -10 -9 -9 -9 -8 -8 -8 -8 ---------- Run | Yrd Mat Min Mat Min Exi Min Mat Gar Mat Machines Disabled 22 | . . . 4 . . . 4 11 3 Max in Single Turn 3 | . . . 1 . . . 3 2 1 Garrison Relay 5 | . . . . . . . . 5 . Phase Generator 1 | . . . . . . . . 1 . Machines Repaired . | . . . . . . . . . . Machines Dismantled . | . . . . . . . . . . Machines Sabotaged . | . . . . . . . . . . Overloaded Fab Kills . | . . . . . . . . . . Hacking | -11 -10 -10 -9 -9 -9 -8 -8 -8 -8 --------- Run | Yrd Mat Min Mat Min Exi Min Mat Gar Mat Machines Accessed 38 | . 3 . 13 1 2 . 11 2 6 Terminals 26 | . 1 . 9 . . . 9 2 5 Fabricators . | . . . . . . . . . . Repair Stations 1 | . . . 1 . . . . . . Recycling Units 3 | . 2 . 1 . . . . . . Scanalyzers 4 | . . . 2 . . . 1 . 1 Garrison Access 1 | . . . . . . . 1 . . Total Hacks 117 | . 8 . 43 1 5 . 41 5 14 Successful 67 | . 5 . 30 1 5 . 19 2 5 Failed 50 | . 3 . 13 . . . 22 3 9 Catastrophic 6 | . 1 . 1 . . . 4 . . Database Lockouts . | . . . . . . . . . . Manual 54 | . 6 . 16 . 1 . 25 . 6 Terminals 82 | . 3 . 25 . . . 37 5 12 Fabricators . | . . . . . . . . . . Repair Stations 2 | . . . 2 . . . . . . Recycling Units 6 | . 5 . 1 . . . . . . Scanalyzers 19 | . . . 15 . . . 2 . 2 Garrison Access 2 | . . . . . . . 2 . . Terminal Hacks 33 | . 1 . 8 1 5 . 13 2 3 Record 4 | . . . . . 4 . . . . Part Schematic 2 | . . . 2 . . . . . . Robot Analysis 2 | . 1 . . . . . . . 1 Prototype ID Bank 8 | . . . 3 . . . 4 . 1 Open Door 1 | . . . . 1 . . . . . Emergency Access Points 1 | . . . . . . . . 1 . Unreport Threat 2 | . . . . . . . 1 . 1 Locate Traps 3 | . . . 1 . . . 2 . . Hauler Manifests 1 | . . . 1 . . . . . . Registered Components 1 | . . . 1 . . . . . . Zone Layout 6 | . . . . . . . 6 . . Garrison Registry 1 | . . . . . . . . 1 . Derelict Proto ID Bank 1 | . . . . . 1 . . . . Fabricator Hacks . | . . . . . . . . . . Repair Station Hacks 2 | . . . 2 . . . . . . Scan Component 1 | . . . 1 . . . . . . Repair 1 | . . . 1 . . . . . . Recycling Unit Hacks 3 | . 2 . 1 . . . . . . Report Inventory 3 | . 2 . 1 . . . . . . Scanalyzer 18 | . . . 14 . . . 2 . 2 Insert Component 9 | . . . 7 . . . 1 . 1 Analyze 9 | . . . 7 . . . 1 . 1 Garrison Access Hacks 1 | . . . . . . . 1 . . Unlock Access 1 | . . . . . . . 1 . . Unauthorized Hacks 10 | . 2 . 5 . . . 3 . . Terminals 8 | . . . 5 . . . 3 . . Track 2 | . . . 1 . . . 1 . . Assimilate 2 | . . . 2 . . . . . . Botnet 2 | . . . 1 . . . 1 . . Operators 2 | . . . 1 . . . 1 . . Fabricators . | . . . . . . . . . . Repair Stations . | . . . . . . . . . . Recycling Units 2 | . 2 . . . . . . . . Tunnel 2 | . 2 . . . . . . . . Scanalyzers . | . . . . . . . . . . Garrison Access . | . . . . . . . . . . Data Cores Recovered . | . . . . . . . . . . Used . | . . . . . . . . . . Hacking Detections 29 | . 1 . 11 . . . 9 2 6 Full Trace Events 2 | . 1 . . . . . 1 . . Feedback Events . | . . . . . . . . . . Feedback Blocked . | . . . . . . . . . . Robot Schematics Acquired . | . . . . . . . . . . Robots Built . | . . . . . . . . . . Authchips . | . . . . . . . . . . Time . | . . . . . . . . . . Total Robot Build Rating . | . . . . . . . . . . Part Schematics Acquired 10 | . . . 8 . . . 1 . 1 Parts Built . | . . . . . . . . . . Authchips . | . . . . . . . . . . Time . | . . . . . . . . . . Total Part Build Rating . | . . . . . . . . . . Parts Repaired 1 | . . . 1 . . . . . . Time 26 | . . . 26 . . . . . . Parts Recycled . | . . . . . . . . . . Recycled Matter . | . . . . . . . . . . Retrieved Matter . | . . . . . . . . . . Retrieved Components . | . . . . . . . . . . Parts Scanalyzed 8 | . . . 6 . . . 1 . 1 Part Schematics Acquired 8 | . . . 6 . . . 1 . 1 Parts Damaged 3 | . . . 2 . . . 1 . . Bothacking | -11 -10 -10 -9 -9 -9 -8 -8 -8 -8 ------------ Run | Yrd Mat Min Mat Min Exi Min Mat Gar Mat Used RIF Installer . | . . . . . . . . . . Robots Hacked 4 | . . . . . 4 . . . . Non-combat 3 | . . . . . 3 . . . . Combat 1 | . . . . . 1 . . . . Robot Hacks Applied 4 | . . . . . 4 . . . . parse_system 4 | . . . . . 4 . . . . Relay Couplers Released 22 | . . . . . . . . 22 . Machine Destruction 22 | . . . . . . . . 22 . Fabnet Peak Effective % . | . . . . . . . . . . Robots Rewired . | . . . . . . . . . . Allies Hacked . | . . . . . . . . . . Hacks Repelled . | . . . . . . . . . . Allies | -11 -10 -10 -9 -9 -9 -8 -8 -8 -8 -------- Run | Yrd Mat Min Mat Min Exi Min Mat Gar Mat Total Allies 5 | . . . 2 . . . 1 2 . Largest Group 2 | . . . 2 . . . 1 2 2 Highest-Rated Group 90 | . . . 20 . . . 90 59 59 Highest-Rated Ally 90 | . . . 10 . . . 90 39 39 Total Orders 1 | . . . . 1 . . . . . RETURN 1 | . . . . 1 . . . . . Ally Attacks 37 | . . . . . . . 6 8 23 Total Damage 726 | . . . . . . . 111 253 362 Kills 6 | . . . . . . . 1 2 3 Allies Corrupted . | . . . . . . . . . . Allies Melted . | . . . . . . . . . . Intel | -11 -10 -10 -9 -9 -9 -8 -8 -8 -8 ------- Run | Yrd Mat Min Mat Min Exi Min Mat Gar Mat Robot Analysis Total 2 | . 1 . . . . . . . 1 Derelict Logs Recovered 1 | . . 1 . . . . . . . Drone Launches 3 | . . . . 1 . . 2 . . Drone Recoveries 3 | . . . . 1 . . 2 . . Exploration | -11 -10 -10 -9 -9 -9 -8 -8 -8 -8 ------------- Run | Yrd Mat Min Mat Min Exi Min Mat Gar Mat Turns Passed 9270 | 112 350 384 3029 385 501 246 1938 1682 643 Spaces Moved 5043 | 68 198 345 1600 208 362 167 964 836 295 Core 7 | 2 . . . . . . . 5 . Treads 2005 | 1 . . 21 6 . . 863 819 295 Legs . | . . . . . . . . . . Wheels 3019 | 65 198 345 1579 202 362 167 101 . . Hover 12 | . . . . . . . . 12 . Flight . | . . . . . . . . . . Fastest Speed 50 | 50 95 110 110 135 135 135 135 160 160 Average Speed 142 | 83 108 110 131 135 135 135 162 166 161 Slowest Speed 800 | 160 110 110 240 160 135 135 246 800 163 Overloaded Moves . | . . . . . . . . . . Propulsion Burnouts . | . . . . . . . . . . Robots Hopped . | . . . . . . . . . . Cave-ins Triggered . | . . . . . . . . . . Exploration Rate (%) 57 | 5 46 49 96 48 72 44 86 92 32 Regions Visited 9 Branch Regions 4 Pre-discovered Areas 3 | . 2 . . . 1 . . . . Known Exits Taken 1 | . . . . . . . 1 . . Unknown Exits Taken 7 | 1 1 1 1 1 1 1 . . . Scrap Searched 2 | . . . . 1 . 1 . . . Spaces Dug 36 | . . . 6 . . 9 10 11 . Terrain Destroyed 267 | . . . 6 . . 29 89 114 29 Melee 6 | . . . 6 . . . . . . Projectile 66 | . . . . . . . 20 27 19 AOE 195 | . . . . . . 29 69 87 10 Terrain Rammed . | . . . . . . . . . . Walls Destroyed . | . . . . . . . . . . Machines Disabled . | . . . . . . . . . . Actions | -11 -10 -10 -9 -9 -9 -8 -8 -8 -8 --------- Run | Yrd Mat Min Mat Min Exi Min Mat Gar Mat Total 6404 | 101 273 349 2277 276 373 178 1191 1002 384 Wait 456 | 3 21 4 319 34 . 1 30 32 12 Move 5034 | 67 197 344 1599 207 361 166 963 835 295 Hop . | . . . . . . . . . . Pick Up 71 | 9 6 1 34 2 1 . 11 6 1 Fast Attach 61 | 7 . . 10 3 . 1 20 14 6 Attach 24 | . 1 . 7 . 2 . 7 7 . Detach 5 | . . . 1 . . . 2 2 . Swap 70 | . 6 . 30 5 2 2 15 6 4 Drop 114 | 1 5 . 47 5 3 1 29 16 7 Fire 461 | 14 37 . 141 20 . 7 99 84 59 Melee 26 | . . . 7 . 4 . 15 . . Ram . | . . . . . . . . . . Kick . | . . . . . . . . . . Crush . | . . . . . . . . . . Escape Stasis . | . . . . . . . . . . Rewire . | . . . . . . . . . . Trap 82 | . . . 82 . . . . . . Miscellaneous . | . . . . . . . . . . Route ------- -11/Scrapyard -10/Materials (discovered 2 exits: *Mat / [*Min]) -10/Mines -9/Materials (discovered 6 exits: *Mat x3 / *Min / [*Sto x2]) -9/Mines (discovered 3 exits: *Mat / *Exi / [*Zio]) -9/Exiles (discovered 2 exits: [*Min x2]) -8/Mines -8/Materials (discovered 4 exits: [*Fac x3] / Gar) -8/Garrison (discovered 3 exits: *Mat x3) -8/Materials (discovered 1 exit: [*Fac]) History --------- Turn | Location | Event 21 | -11/Scrapyard | Discovered new exit (range 13) 113 | -11/Scrapyard | Entered Materials 247 | -10/Materials | Discovered new exit (range 9) 301 | -10/Materials | Build established: Mutant 458 | -10/Materials | Discovered new exit (range 6) 463 | -10/Materials | Entered Mines 481 | -10/Mines | Discovered new exit (range 12) 568 | -10/Mines | Met a Derelict bent on vengeance 582 | -10/Mines | Learned Materials terminal intel 613 | -10/Mines | Received a Rocket Launcher from a helpful Derelict 629 | -10/Mines | Assembled infested the area 634 | -10/Mines | Assisted by a Guerilla fighting off Assembled 847 | -10/Mines | Entered Materials 847 | -9/Materials | Evolved 2 slots: Propulsion x1, Utility x1 848 | -9/Materials | Loaded intel: 12 terminal locations 1057 | -9/Materials | Lost 3 parts (1p1n1w) 1382 | -9/Materials | Build established: Scavenger-Mutant 1531 | -9/Materials | Discovered new exit (range 10) 1803 | -9/Materials | Discovered new exit (range 7) 1857 | -9/Materials | Discovered new exit (range 6) 2305 | -9/Materials | Discovered new exit (range 6) 2456 | -9/Materials | Build established: Mutant 2647 | -9/Materials | Repaired Core Shielding 3289 | -9/Materials | Discovered new exit (range 16) 3648 | -9/Materials | Discovered new exit (range 10) 3876 | -9/Materials | Entered Mines 3990 | -9/Mines | Found the Drone Emporium 4005 | -9/Mines | Found Prototype Device 4005 | -9/Mines | Identified Splice Drone Bay 4224 | -9/Mines | Discovered new exit (range 4) 4228 | -9/Mines | A Derelict revealed a hidden shortcut to a safe place 4254 | -9/Mines | Deemed a non-threat by the Exiles lab entrance 4255 | -9/Mines | Discovered new exit (range 5) 4261 | -9/Mines | Entered Exiles 4279 | -9/Exiles | Discovered new exit (range 15) 4295 | -9/Exiles | Met 8R-AWN 4320 | -9/Exiles | Met EX-HEX 4362 | -9/Exiles | Met EX-BIN 4404 | -9/Exiles | Met EX-DEC 4409 | -9/Exiles | Learned location of Zion (-7) 4555 | -9/Exiles | Aligned with FarCom system 4557 | -9/Exiles | Given EX-Vault access code 4589 | -9/Exiles | Opened EX-Vault 4606 | -9/Exiles | Found Flying Fortress v7 4634 | -9/Exiles | Warned to stay clear of 0b10 Research branches 4752 | -9/Exiles | Discovered new exit (range 10) 4762 | -9/Exiles | Left Exiles lab with Flying Fortress v7 4762 | -9/Exiles | Entered Mines 4765 | -8/Mines | Core integrity fell below 50% 4973 | -8/Mines | Discovered new exit (range 8) 5008 | -8/Mines | Entered Materials 5008 | -8/Materials | Evolved 2 slots: Propulsion x1, Utility x1 5316 | -8/Materials | Lost 5 parts (1p2n2u) 5537 | -8/Materials | Build established: Scavenger-Mutant 5619 | -8/Materials | Discovered new exit (range 16) 6021 | -8/Materials | Discovered new exit (range 16) 6275 | -8/Materials | Discovered new exit (range 3) 6889 | -8/Materials | Identified exit to Garrison 6946 | -8/Materials | Entered Garrison 6990 | -8/Garrison | Triggered checkpoint 7046 | -8/Garrison | Garrison Relay disabled 7146 | -8/Garrison | Triggered checkpoint 7151 | -8/Garrison | Triggered checkpoint 7329 | -8/Garrison | Garrison Relay disabled 7505 | -8/Garrison | Discovered new exit (range 10) 7568 | -8/Garrison | Triggered checkpoint 7612 | -8/Garrison | Garrison Relay disabled 7626 | -8/Garrison | Discovered new exit (range 93) 7626 | -8/Garrison | Discovered new exit (range 59) 7626 | -8/Garrison | Discovered new exit (range 16) 7848 | -8/Garrison | Spotted B-75 Beast 7865 | -8/Garrison | Destroyed B-75 Beast 7893 | -8/Garrison | Lost 3 parts (1p2u) 8222 | -8/Garrison | Phase Generator disabled 8256 | -8/Garrison | Triggered checkpoint 8270 | -8/Garrison | Garrison Relay disabled 8392 | -8/Garrison | Core integrity fell below 50% 8393 | -8/Garrison | Rescued a captive Derelict 8413 | -8/Garrison | Rescued a captive Derelict 8478 | -8/Garrison | Triggered checkpoint 8499 | -8/Garrison | Garrison Relay disabled 8628 | -8/Garrison | Entered Materials 8628 | -8/Materials | Accompanied by 2 allies 9113 | -8/Materials | Discovered new exit (range 15) 9271 | -8/Materials | Core integrity fell below 20% 9272 | -8/Materials | Core destroyed Last Messages --------------- 09071_ U-05 Engineer builds a Wall. 09075_ Connecting with Terminal... >>Prototypes Downloading prototype IDs... Hvy. Ion Engine Imp. Airjet 09113_ EXIT=FOUND 09129_ Connecting with Terminal... 09223_ Acquired 11 matter. 09225_ Acquired 6 matter. 09230_ K-01 Serf collects debris. 09247_ Slug penetrates Wall. 09249_ Connecting with Terminal... 09253_ Slug penetrates Wall. 09254_ G-50 Soldier destroyed. 09257_ G-47 Trooper knocked back. 09259_ G-47 Trooper Aluminum Leg blasted off. 09267_ Penetrated by Slug. 09271_ G-47 Trooper destroyed. 09272_ Overheating: Core damaged (-104). Map ----- +----------------------------------------------------+ | ???????????????????????????????????????? | | ???????????????????????????????????????? | | ???????????????????????????????????????? | | ???????????????????????????????????????? | | ???????????????????????????????????????? | | ???????????????????????????????????????? | | ???????????????????????????????????????? | | ???????????????????????????????????????? | | ????????????????? ?????????????????????? | | ????????????????? ?????????????????????? | | ????????????????? ?????????????????????? | | ????????????????? ?????????????????????? | | ????????????????? #????????????????????? | | ????????????????? #??????Y?????????????? | | ????????????????? #????????????????????? | | ????????????????# #????????????????????? | | ????????????????# #????????????????????? | | ????????????????# #????????????????????? | | ????????????????#h#????????????????????? | | ???????#??????### #????????????????????? | | ???????# T????# #????????????????????? | | ???????# ??# #????????????????????? | | ???????# # ###??????????????????? | | ???????# ]] + T#??????????????????? | | ???????# ]] # ""#??????????????????? | | ???????# ]]??#@ ###??????????????????? | | ???????###Y???# #????????????????????? | | ??????????##### #????????????????????? | | ??????????#!! %=#????????????????#+#?? | | ??????????#!! !%#???????????????# ?? | | ??????????#!! =%+ ??????????????# ?? | | ??????????#!! %%# ??????????????/ ? | | ??????????#== # ?????????????# #? | | ??????????#== = ! # ??????????????# #? | | ??????????##### % # ??????????????# #? | | ??????######### = #???????????????# #" | | ??????# # #???????????????# #" | | ??????# ! + #???????????????+ +? | | ??????# ! # #???????????????# #? | | ??????###+##??# #???????????????# #? | | ???????## ##### #???????????????# #? | | ???????#] ####????????????# !#? | | ???????# ##############??# =!## | | ???????# # % ==! #### %*% | | ???????# / """ ! + ## | | ???????# * # ="" =""" #### !## | | ???????# "" #!="""*""" #####+### | | ???????# T" # = = ! # | | ???????# "" ############## | | ???????# #????????????# """ | +----------------------------------------------------+ Best States ------------- Heat Dissipation 45 Energy Generation 16 Energy Capacity 290 Matter Stores 300 Matter Capacity 300 Sight Range 16 Terrain Scan Density 10 Armor Coverage 600 Resistance: TH 15 Core Shielding 20 Weapon Shielding 66 Weapon Cycling 15 Evasion (%) 44 Core Analysis 6 Armor Integrity Analysis 30 Recoil Reduction 4 Kinecelleration 40 Offensive Hacking 20 Trap Extractor Capacity 4 Item Schematics ----------------- Adv. Beam Cannon | -9/Materials | Scanalyzed Mni. Grenade Launcher | -9/Materials | Scanalyzed VTOL Module | -9/Materials | Scanalyzed Katana | -9/Materials | Scanalyzed Datajack | -9/Materials | Scanalyzed Minigun | -9/Materials | Scanalyzed Hcp. Storage Unit | -9/Materials | Hacked Lrg. Storage Unit | -9/Materials | Hacked Enh. Autogun | -8/Materials | Scanalyzed Adv. System Shield | -8/Materials | Scanalyzed Robot Schematics ------------------ None Fabricated ------------ Nothing Alien Tech Used ----------------- None Achievements -------------- None Challenges ------------ None Game ------ Seed FissionVortexMicroactuators Manual? 0 Play Time 01:27:26 Cumulative 743.0 hours Start 2024.05.19 @ 21:23:12 End 2024.05.19 @ 23:01:38 Sessions 1 Manual Loads 0 Difficulty Rogue Special Mode None Game No. 302 Rogue 272 Adventurer 3 Explorer 27 Win Type - Total 16 Types 10/3/1/1/0/1/0/0/0 Lore% 92 Gallery% 96 Achievement% 85 Wizard Run 0 Options --------- Layout 2 ASCII 0 Keyboard 0 Movement Numpad Keybinds 0 Fullscreen 2 Font 24/Smallcaps Map View 50x44 Zoom Use 0% Tactical HUD 1 Map Filters NONE Filters NONE Steam X RUN: e56734c6-a484-4cef-9c69-9777a99d932e